 Dungeon Crawl Stone Soup version 0.26-a0-639-g72c4674329 (webtiles) character file.

Game seed: 12335334539749798187

599 Peloso the Shield-Bearer (level 7, 0/60 HPs)
             Began as a Gnoll Fighter on Sept 19, 2020.
             Killed from afar by Grinder (4 damage)
             ... with a puff of flame
             ... on level 3 of the Dungeon.
             The game lasted 00:06:06 (3058 turns).

Peloso the Shield-Bearer (Gnoll Fighter)            Turns: 3058, Time: 00:06:07

Health: 0/60       AC:  9    Str: 20    XL:     7   Next: 41%
Magic:  10/10      EV: 10    Int: 11    God:
Gold:   125        SH: 11    Dex: 20    Spells: 10/10 levels left

rFire    + . .     SeeInvis .   a - +0 long sword
rCold    + . .     Faith    .   c - +0 kite shield
rNeg     . . .     Spirit   .   b - +0 scale mail
rPois    +         Reflect  .   h - +0 helmet
rElec    +         Harm     .   (no cloak)
rCorr    +         Rampage  .   (no gloves)
MR       .....                  (no boots)
Stlth    +.........             (no amulet)
HPRegen  0.20/turn              i - +6 ring of dexterity
MPRegen  0.12/turn              (no ring)

@: resistant
A: distributed training, fangs 1, screaming 1, wild magic 1, strong nose
a: no special abilities


You were on level 3 of the Dungeon.
You visited 1 branch of the dungeon, and saw 4 of its levels.

You collected 125 gold pieces.

Inventory:

Hand Weapons
 a - a +0 long sword (weapon)
Missiles
 r - 23 bolts
Armour
 b - a +0 scale mail (worn)
 c - a +0 kite shield (worn)
 h - a +0 helmet (worn)
Jewellery
 i - a +6 ring of dexterity (left hand)
Scrolls
 f - 3 scrolls of remove curse {unknown}
 j - 2 scrolls of identify {unknown}
 l - 2 scrolls of teleportation {unknown}
 m - a scroll of magic mapping {unknown}
 n - a scroll of fear {unknown}
 s - a scroll of enchant armour {unknown}
Potions
 d - a potion of might
 e - 2 potions of resistance
 g - a potion of lignification
 k - a potion of flight {unknown}
 p - a potion of haste {unknown}
 q - a potion of stabbing {unknown}


   Skills:
 + Level 7.0 Fighting
 + Level 2.4 Short Blades
 + Level 5.2 Long Blades
 + Level 2.4 Axes
 + Level 2.4 Maces & Flails
 + Level 2.4 Polearms
 + Level 2.4 Staves
 + Level 2.4 Slings
 + Level 2.4 Bows
 + Level 2.4 Crossbows
 + Level 2.4 Throwing
 + Level 7.0 Armour
 + Level 2.4 Dodging
 + Level 2.4 Stealth
 + Level 7.0 Shields
 + Level 2.4 Unarmed Combat
 + Level 2.4 Spellcasting
 + Level 2.0 Conjurations
 + Level 2.0 Hexes
 + Level 2.0 Summonings
 + Level 2.0 Necromancy
 + Level 2.0 Translocations
 + Level 2.0 Transmutations
 + Level 2.0 Fire Magic
 + Level 2.0 Ice Magic
 + Level 2.0 Air Magic
 + Level 2.0 Earth Magic
 + Level 2.0 Poison Magic
 + Level 2.7 Invocations
 + Level 2.4 Evocations


You had 10 spell levels left.
You didn't know any spells.
Your spell library was empty.

Dungeon Overview and Level Annotations

Branches:
Dungeon (4/15)
 Temple: D:4-7

Altars:
Ashenzari
Cheibriados

Annotations:
D:3 Grinder


Innate Abilities, Weirdness & Mutations

Your experience applies equally to all skills.
You have very sharp teeth.
Your uncanny sense of smell can sniff out nearby items.
You occasionally shout uncontrollably at your foes.
Your spells are a little harder to cast, but a little more powerful.


Message History

You resist with significant effort. Grinder gestures at you.
You resist with significant effort. Grinder hits you but does no damage.
The frilled lizard bites you but does no damage.
Grinder gestures at you. Pain shoots through your body!
* * * LOW HITPOINT WARNING * * *
The frilled lizard barely misses you.
Grinder zaps a wand.
The puff of flame hits you. You resist.
* * * LOW HITPOINT WARNING * * *
You block the frilled lizard's attack. Grinder hits you.
* * * LOW HITPOINT WARNING * * *
You writhe in agony.
* * * LOW HITPOINT WARNING * * *
The frilled lizard bites you.
* * * LOW HITPOINT WARNING * * *
Grinder says, "Mostly I couldn't keep them alive."
Grinder zaps a wand.
The puff of flame hits you. You resist.
You die...

#......$. #.#.
#.####### ###.#.# #.#
..$.... #)# .......###
#)# .........# #.#
.........# #.# * *
.........###.# .. *
......l@....>#####....,
.!....5............#
.........##..#.###.#
..........?...#†## * *
.............###.#∆ *
...##.#.....##
##....... ...
#.#####..** #.##.h. #.
#) #.#. .# , * ... , #


You could see Grinder and a frilled lizard.

Vanquished Creatures
  Eustachio (D:4)
  A black bear (D:3)
  An ogre (D:4)
  An orc priest (D:4)
  An iguana (D:4)
  2 orc wizards
  3 worker ants (D:4)
  2 hound skeletons (D:4)
  A howler monkey skeleton (D:4)
  3 adders
  A worm (D:3)
  4 leopard geckos
  4 orcs
  4 bats
  3 giant cockroaches
  4 goblins
  3 hobgoblins
  11 jackals
  2 quokkas
  6 frilled lizards
  6 kobolds (D:1)
  2 rats (D:1)
66 creatures vanquished.

Notes
Turn   | Place    | Note
-------+----------+-------------------------------------------
     0 | D:1      | Peloso the Gnoll Fighter began the quest for the Orb.
     0 | D:1      | Reached XP level 1. HP: 23/23 MP: 1/1
   179 | D:1      | Reached XP level 2. HP: 11/29 MP: 2/2
   596 | D:1      | Reached XP level 3. HP: 30/35 MP: 3/3
  1217 | D:2      | Reached skill level 1 in Invocations
  1364 | D:2      | Found a snail-covered altar of Cheibriados.
  1541 | D:2      | You fall into a shaft and drop 2 floors!
  1554 | D:4      | Reached skill level 1 in Short Blades
  1554 | D:4      | Reached skill level 1 in Axes
  1554 | D:4      | Reached skill level 1 in Maces & Flails
  1554 | D:4      | Reached skill level 1 in Polearms
  1554 | D:4      | Reached skill level 1 in Staves
  1554 | D:4      | Reached skill level 1 in Slings
  1554 | D:4      | Reached skill level 1 in Bows
  1554 | D:4      | Reached skill level 1 in Crossbows
  1554 | D:4      | Reached skill level 1 in Throwing
  1554 | D:4      | Reached skill level 1 in Dodging
  1554 | D:4      | Reached skill level 1 in Stealth
  1554 | D:4      | Reached skill level 1 in Unarmed Combat
  1554 | D:4      | Reached skill level 1 in Spellcasting
  1554 | D:4      | Reached skill level 1 in Evocations
  1619 | D:4      | Reached XP level 4. HP: 41/41 MP: 5/5
  1625 | D:4      | Noticed Eustachio
  1668 | D:4      | Killed Eustachio
  1668 | D:4      | Reached skill level 1 in Conjurations
  1668 | D:4      | Reached skill level 1 in Hexes
  1668 | D:4      | Reached skill level 1 in Summonings
  1668 | D:4      | Reached skill level 1 in Necromancy
  1668 | D:4      | Reached skill level 1 in Translocations
  1668 | D:4      | Reached skill level 1 in Transmutations
  1668 | D:4      | Reached skill level 1 in Fire Magic
  1668 | D:4      | Reached skill level 1 in Ice Magic
  1668 | D:4      | Reached skill level 1 in Air Magic
  1668 | D:4      | Reached skill level 1 in Earth Magic
  1668 | D:4      | Reached skill level 1 in Poison Magic
  1668 | D:4      | Reached XP level 5. HP: 11/47 MP: 5/7
  1682 | D:4      | Reached XP level 6. HP: 15/53 MP: 6/8
  1969 | D:4      | Reached skill level 5 in Long Blades
  2308 | D:4      | Reached XP level 7. HP: 52/59 MP: 10/10
  2516 | D:4      | Found a shattered altar of Ashenzari.
  2975 | D:3      | Noticed Grinder
  2998 | D:3      | Paralysed by Grinder for 7 turns
  3007 | D:3      | Gained mutation: You are partially covered in icy blue
                  | scales. (AC +2) [potion of mutation]
  3007 | D:3      | Gained mutation: You have a pair of small antennae on your
                  | head. [potion of mutation]
  3007 | D:3      | Gained mutation: You expend magic power (3 MP) to
                  | strengthen your wands. [potion of mutation]
  3007 | D:3      | Gained mutation: You passively map a small area around you.
                  | [potion of mutation]
  3008 | D:3      | Lost mutation: You have a pair of small antennae on your
                  | head. [potion of mutation]
  3008 | D:3      | Lost mutation: You expend magic power (3 MP) to strengthen
                  | your wands. [potion of mutation]
  3008 | D:3      | Lost mutation: You passively map a small area around you.
                  | [potion of mutation]
  3008 | D:3      | Lost mutation: You are partially covered in icy blue
                  | scales. (AC +2) [potion of mutation]
  3008 | D:3      | Gained mutation: You occasionally shout uncontrollably at
                  | your foes. [potion of mutation]
  3008 | D:3      | Gained mutation: Your spells are a little harder to cast,
                  | but a little more powerful. [potion of mutation]
  3026 | D:3      | Paralysed by Grinder for 2 turns
  3058 | D:3      | Killed from afar by Grinder

Illustrated notes

Levels and vault maps discovered:
D:1:      nagdon_arrival_double_spiral, layout_loops_ring, skrybe_limestone_x
D:2:      layout_basic, minmay_misc_feat_rows, cheibriados_altar_1,
          uniq_crazy_yiuf_cottage
D:3:      layout_loops_ring, lemuel_doored_altar, uniq_grinder
D:4:      layout_basic, ashenzari_altar_1, uniq_eustachio

Skill      XL: |  1  2  3  4  5  6  7 |
---------------+----------------------+-----
Invocations    | 1 2 |  2.7
Short Blades   | 1 2 |  2.4
Axes           | 1 2 |  2.4
Maces & Flails | 1 2 |  2.4
Polearms       | 1 2 |  2.4
Staves         | 1 2 |  2.4
Slings         | 1 2 |  2.4
Bows           | 1 2 |  2.4
Crossbows      | 1 2 |  2.4
Throwing       | 1 2 |  2.4
Dodging        | 1 2 |  2.4
Stealth        | 1 2 |  2.4
Unarmed Combat | 1 2 |  2.4
Spellcasting   | 1 2 |  2.4
Evocations     | 1 2 |  2.4
Conjurations   | 1 2 |  2.0
Hexes          | 1 2 |  2.0
Summonings     | 1 2 |  2.0
Necromancy     | 1 2 |  2.0
Translocations | 1 2 |  2.0
Transmutations | 1 2 |  2.0
Fire Magic     | 1 2 |  2.0
Ice Magic      | 1 2 |  2.0
Air Magic      | 1 2 |  2.0
Earth Magic    | 1 2 |  2.0
Poison Magic   | 1 2 |  2.0
Long Blades    | 5 |  5.2
Fighting       | 7 |  7.0
Armour         | 7 |  7.0
Shields        | 7 |  7.0

Action                   |  1- 3 |  4- 6 |  7- 9 || total
-------------------------+-------+-------+-------++-------
Melee: Long sword        |   124 |    73 |    75 ||   272
       Bite              |    13 |    13 |    22 ||    48
  Use: Potion            |       |     1 |     4 ||     5
Armor: Scale mail        |    54 |    41 |    22 ||   117
       Skin              |       |       |     3 ||     3
Dodge: Dodged            |    47 |    27 |    26 ||   100
Block: Kite shield       |    77 |    47 |    44 ||   168
       Rpst.: Long sword |    15 |    11 |     7 ||    33

Table legend: (Time is in decaauts)
 A = Elapsed time spent in this place.
 B = Non-inter-level travel time spent in this place.
 C = Inter-level travel time spent in this place.
 D = Time resting spent in this place.
 E = Time spent auto-exploring this place.
 F = Levels seen in this place.
 G = Mean time per level.
                   A        B        C        D        E       F      G
               +--------+--------+--------+--------+--------+-----+--------+
         Total |   3115 |   2996 |    119 |    333 |   1945 |   4 |  778.8 |
       Dungeon |   3115 |   2996 |    119 |    333 |   1945 |   4 |  778.8 |
               +--------+--------+--------+--------+--------+-----+--------+

Top non-repeatable levels by time:
     D:4: 1287 daAuts
     D:1: 1211 daAuts
     D:2: 357 daAuts
     D:3: 259 daAuts
